 Dungeon Crawl Stone Soup version 0.26.0-41-g79a4fc7684 (webtiles) character file.

Game seed: 15801143284656403433

254 kaeus the Sneak (level 5, -1/24 HPs)
             Began as a Spriggan Enchanter on Jan 27, 2021.
             Slain by a frilled lizard (2 damage)
             ... on level 4 of the Dungeon.
             The game lasted 00:10:11 (5202 turns).

kaeus the Sneak (Spriggan Enchanter)                Turns: 5202, Time: 00:10:12

Health: -1/24      AC:  2    Str:  5    XL:     5   Next: 91%
Magic:  9/11       EV: 19    Int: 16    God:
Gold:   68         SH:  0    Dex: 17    Spells: 5/11 levels left

rFire    + . .     SeeInvis +   a - +1 dagger
rCold    + . .     Faith    .   (shield restricted)
rNeg     . . .     Spirit   .   b - +0 robe
rPois    .         Reflect  .   (helmet restricted)
rElec    .         Harm     .   o - scarf {rC+ rF+}
rCorr    .         Rampage  .   (gloves unavailable)
Will     +....                  (boots unavailable)
Stlth    ++++......             (no amulet)
HPRegen  0.08/turn              e - ring of willpower
MPRegen  0.12/turn              (no ring)

@: very quick
A: very small, unfitting armour, see invisible, speed 3
a: no special abilities


You were on level 4 of the Dungeon.
You visited 1 branch of the dungeon, and saw 4 of its levels.

You collected 68 gold pieces.

Inventory:

Hand Weapons
 a - a +1 dagger (weapon)
Missiles
 j - 9 poisoned darts
Armour
 b - a +0 robe (worn)
 o - a scarf of resistance (worn)
Jewellery
 e - a ring of willpower (left hand)
Wands
 q - a wand of paralysis (10)
Scrolls
 g - 2 scrolls of teleportation {unknown}
 h - 3 scrolls of identify {unknown}
 i - a scroll of enchant weapon {unknown}
 k - 2 scrolls of magic mapping {unknown}
 l - 6 scrolls of remove curse {unknown}
 m - a scroll of amnesia {unknown}
 r - a scroll of random uselessness {unknown}
 s - a scroll of fog {unknown}
 t - a scroll of blinking {unknown}
Potions
 c - 2 potions of curing {unknown}
 d - 3 potions of lignification {unknown}
 f - a potion of heal wounds {unknown}
 n - 2 potions of might {unknown}
 p - a potion of mutation {unknown}


   Skills:
 * Level 3.5 Short Blades
 + Level 4.2 Dodging
 * Level 6.7 Stealth
 + Level 3.7 Spellcasting
 + Level 4.4 Hexes


You had 5 spell levels left.
You knew the following spells:

 Your Spells              Type           Power        Failure   Level
a - Corona                Hex            18%          2%          1
b - Ensorcelled Hibernat  Hex/Ice        20%          11%         2
c - Confusing Touch       Hex            17%          9%          3

Your spell library contained the following spells:

 Spells                   Type           Power        Failure   Level
 Tukima's Dance           Hex            17%          9%          3
 Dazzling Flash           Conj/Hex       20%          22%         3
 Gell's Gravitas          Tloc           1%           45%         3
 Petrify                  Tmut/Erth      3%           86%         4
 Metabolic Englaciation   Hex/Ice        5%           89%         5
 Yara's Violent Unravell  Hex/Tmut       5%           89%         5


Dungeon Overview and Level Annotations

Branches:
Dungeon (4/15)
 Temple: D:4-7

Altars:
Yredelemnul


Innate Abilities, Weirdness & Mutations

You are very small and have problems with some larger weapons.
You are too small for most types of armour.
You have supernaturally acute eyesight. (SInv)
You cover ground extremely quickly.


Message History

MP restored: 11 You climb downwards.
There is a stone staircase leading up here.
Aiming: Ensorcelled Hibernation (safe; 11% risk of failure)
Press: ? - help, Q - select action, (/) - cycle Shift-Dir - straight line, f - orc priest
Aim: an orc priest, wielding a +0 dagger (chance to affect: 41%)
The frilled lizard resists with significant effort.
The orc priest invokes the aid of Beogh against you.
Beogh smites you!
Ouch! That really hurt!
You take 13 damage, and have 11/24 hp.
MASSIVE DAMAGE!!
You now have 9/11 mp.
Aiming: Ensorcelled Hibernation (safe; 11% risk of failure)
Press: ? - help, Q - select action, (/) - cycle Shift-Dir - straight line, f/p - orc priest
Aim: an orc priest, wielding a +0 dagger (chance to affect: 41%)
Okay, then.
The orc priest invokes the aid of Beogh against you.
Beogh smites you!
* * * LOW HITPOINT WARNING * * *
The frilled lizard bites you.
You die...

####### ....... ......?
######### ..........
####.......# ..........
#@##.......#
...o.....##+##l##.......#
#......................#
#.....###..o###...†....#
#..?..# #...# #........#
#.....###...###........#
#..)................#
##..................#
........).............#


You could see an orc priest and a frilled lizard.

Vanquished Creatures
  2 orc wizards (D:4)
  A hound (D:4)
  A worker ant (D:4)
  6 adders
  2 oozes
  2 worms (D:3)
  2 dart slugs
  4 leopard geckos
  2 orcs (D:3)
  4 giant cockroaches
  7 goblins
  3 hobgoblins
  10 jackals
  7 kobolds
  4 quokkas
  3 ball pythons
  7 bats
  6 frilled lizards
  6 rats
79 creatures vanquished.

Vanquished Creatures (others)
  A withered plant (D:2)
1 creature vanquished.

Grand Total: 80 creatures vanquished

Notes
Turn   | Place    | Note
-------+----------+-------------------------------------------
     0 | D:1      | kaeus the Spriggan Enchanter began the quest for the Orb.
     0 | D:1      | Reached XP level 1. HP: 9/9 MP: 5/5
   493 | D:1      | Reached XP level 2. HP: 6/13 MP: 4/6
   950 | D:1      | Learned a level 2 spell: Ensorcelled Hibernation
  1093 | D:1      | Reached skill level 5 in Stealth
  1644 | D:2      | Reached XP level 3. HP: 11/16 MP: 3/8
  2048 | D:1      | Learned a level 3 spell: Confusing Touch
  2232 | D:2      | Reached XP level 4. HP: 4/21 MP: 2/9
  2776 | D:2      | Found a basalt altar of Yredelemnul.
  4267 | D:3      | Reached skill level 6 in Stealth
  4372 | D:3      | Reached XP level 5. HP: 22/24 MP: 4/11
  5202 | D:4      | HP: 1/24 [orc priest/divine providence (10)]
  5202 | D:4      | Slain by a frilled lizard

Illustrated notes

Levels and vault maps discovered:
D:1:      roderic_octagonal_star, layout_loops_ring
D:2:      layout_rooms, yredelemnul_altar_generic
D:3:      layout_basic
D:4:      layout_basic, minmay_temple_entry_purple_smoke, serial_shops,
          nicolae_shop_behind_doors, minmay_misc_feat_cross

Skill      XL: |  1  2  3  4  5 |
---------------+----------------+-----
Stealth        | 5 6 |  6.7
Short Blades   | 2 3 |  3.5
Spellcasting   | 3 |  3.7
Hexes          | 4 |  4.4
Dodging        | 4 |  4.2

Action                   |  1- 3 |  4- 6 || total
-------------------------+-------+-------++-------
Melee: Dagger            |   118 |    80 ||   198
 Cast: Corona            |    11 |       ||    11
       Ensorcelled Hiber |    19 |    48 ||    67
 Stab: Sleeping          |    18 |    41 ||    59
       Distracted        |       |     1 ||     1
Armor: Robe              |    13 |     4 ||    17
Dodge: Dodged            |   117 |    60 ||   177
